 Dungeon Crawl Stone Soup version 0.23.0 (webtiles) character file.

Game seed: 17532657001574292818

1604 Kairos the Cleaver (level 8, 0/73 HPs)
             Began as a Deep Dwarf Fighter on Feb 15, 2019.
             Was an Initiate of Makhleb.
             Slain by an orc wizard
             ... wielding a +0 dagger
              (1 damage)
             ... on level 6 of the Dungeon.
             The game lasted 00:13:50 (4921 turns).

Kairos the Cleaver (Deep Dwarf Fighter)             Turns: 4921, Time: 00:13:52

Health: 0/73       AC: 15    Str: 21    XL:     8   Next: 63%
Magic:  7/7        EV:  5    Int: 10    God:    Makhleb [......]
Gold:   245        SH: 10    Dex: 12    Spells: 7/7 levels left

rFire    . . .     SeeInvis .   a - +0 war axe
rCold    . . .     Gourm    .   c - +0 shield
rNeg     . . .     Faith    .   r - +0 plate armour
rPois    +         Spirit   .   (no helmet)
rElec    .         Reflect  .   y - +0 cloak
rCorr    .         Harm     .   x - +0 pair of gloves
MR       ++...                  (no boots)
Stlth    ..........             l - amulet of rage
HPRegen  0.00/turn              h - ring of poison resistance
MPRegen  0.10/turn              m - ring of protection from magic

@: berserk cooldown, non-regenerating, slowed, very slow
A: damage resistance, heal wounds, sense surroundings 1, no regeneration
a: Heal Wounds, Renounce Religion, Evoke Berserk Rage


You were on level 6 of the Dungeon.
You worshipped Makhleb.
Makhleb was noncommittal.
You were hungry.

You visited 2 branches of the dungeon, and saw 7 of its levels.

You collected 245 gold pieces.

Inventory:

Hand Weapons
 a - a +0 war axe (weapon)
 i - a +2 flail of protection
Missiles
 k - a throwing net (quivered)
Armour
 b - a +0 scale mail
 c - a +0 shield (worn)
 q - a +0 chain mail
 r - a +0 plate armour (worn)
 x - a +0 pair of gloves (worn)
 y - a +0 cloak (worn)
Jewellery
 h - a ring of poison resistance (left hand)
 l - an amulet of rage (around neck)
 m - a ring of protection from magic (right hand)
 u - an uncursed ring of resist corrosion
Wands
 s - a wand of flame (18)
Scrolls
 e - 4 scrolls of remove curse
 j - 5 scrolls of teleportation
 n - a scroll of fog {unknown}
Potions
 d - a potion of might
 g - a potion of lignification
 o - a potion of heal wounds {unknown}
 p - 2 potions of curing {unknown}
 t - a potion of ambrosia {unknown}
 v - a potion of degeneration {unknown}
 w - a potion of flight {unknown}
Comestibles
 f - 7 rations
 z - 4 chunks of flesh


   Skills:
 + Level 4.4 Fighting
 + Level 8.0 Axes
 + Level 0.1 Throwing
 + Level 6.0 Armour
 + Level 1.9 Dodging
 + Level 1.6 Stealth
 + Level 6.3 Shields
 + Level 1.7 Evocations


You had 7 spell levels left.
You didn't know any spells.
Your spell library was empty.

Dungeon Overview and Level Annotations

Branches:
Dungeon (6/15)             Temple (1/1) D:5

Altars:
Ashenzari
Cheibriados
Fedhas
Gozag
Hepliaklqana
Makhleb
Ru
Sif Muna
Trog
Uskayaw
Vehumet
Wu Jian
Yredelemnul
Zin
The Shining One

Shops:
D:5 %

Annotations:
D:4 1 exclusion


Innate Abilities, Weirdness & Mutations

You are resistant to damage.
You can heal yourself by infusing magical energy.
You passively map a small area around you.
You do not regenerate.


Message History

You slice the crimson imp!!
You kill the crimson imp!
Makhleb accepts your kill.
You hit the howler monkey but do no damage.
The howler monkey hits you but does no damage.
You block the orc wizard's attack.
Your shield and plate armour prevent you from hitting the orc wizard.
You slash the howler monkey!
You kill the howler monkey!
Makhleb accepts your kill.
Your Axes skill increases to level 8!
Your Armour skill increases to level 6!
The orc wizard hits you but does no damage.
You miss the orc wizard. You block the orc wizard's attack.
You slash the orc wizard!
The orc wizard is heavily wounded.
You are no longer berserk.
You are exhausted.
You feel yourself slow down.
The orc wizard hits you with a +0 dagger.
You die...

..... ,, ,
###..... #..
....... , #...
* ....(. .....
, ####...# ,
.... ,
#......### ...#
#........##...#
#.......#o.###
#.....#)@†...#
###..##.)#.###
######## #


You could see an orc wizard.

Vanquished Creatures
  Sigmund (D:4)
  Edmund (D:4)
  2 orc warriors
  A sky beast (D:5)
  A phantom (D:5)
  A centaur (D:5)
  An ogre (D:4)
  A scorpion (D:4)
  2 howler monkeys
  2 crimson imps
  3 orc wizards
  Crazy Yiuf (D:5)
  2 orc priests
  A jelly (D:5)
  An iguana (D:5)
  Ijyb (D:3)
  Natasha (thrice) (D:2)
  4 worker ants
  A hound zombie (D:5)
  A gnoll (D:5)
  8 adders
  A shadow imp (D:5)
  A worm (D:2)
  A dart slug (D:1)
  8 leopard geckos
  5 orcs
  A ball python (D:1)
  4 giant cockroaches
  8 hobgoblins
  8 jackals
  8 kobolds
  A quokka (D:2)
  7 bats
  10 frilled lizards
  7 goblins
  A leopard gecko skeleton (D:4)
  9 rats
119 creatures vanquished.

Notes
Turn   | Place    | Note
-------+----------+-------------------------------------------
     0 | D:1      | Kairos the Deep Dwarf Fighter began the quest for the Orb.
     0 | D:1      | Reached XP level 1. HP: 20/20 MP: 1/1
   138 | D:1      | Reached XP level 2. HP: 24/27 MP: 2/2
   318 | D:1      | Reached XP level 3. HP: 26/34 MP: 3/3
   642 | D:2      | Reached skill level 3 in Axes
   835 | D:2      | Noticed Natasha
   847 | D:2      | Killed Natasha
   847 | D:2      | Reached XP level 4. HP: 22/42 MP: 4/4
   862 | D:2      | Noticed Natasha
   870 | D:2      | Killed Natasha
   900 | D:2      | Noticed Natasha
   906 | D:2      | Killed Natasha
   906 | D:2      | Reached skill level 1 in Dodging
   906 | D:2      | Reached XP level 5. HP: 23/49 MP: 5/5
   988 | D:2      | Found a sacrificial altar of Ru.
  1881 | D:3      | Reached skill level 4 in Axes
  2010 | D:3      | Noticed Ijyb
  2037 | D:3      | Killed Ijyb
  2037 | D:3      | Reached XP level 6. HP: 18/56 MP: 5/5
  2660 | D:4      | Noticed Edmund
  2672 | D:4      | Reached skill level 5 in Axes
  2756 | D:4      | Noticed an orc warrior
  2764 | D:4      | Reached skill level 1 in Stealth
  2995 | D:4      | Killed Edmund
  2995 | D:4      | Reached XP level 7. HP: 46/63 MP: 5/5
  3007 | D:4      | Reached skill level 5 in Shields
  3047 | D:4      | Noticed Sigmund
  3181 | D:4      | Killed Sigmund
  3181 | D:4      | Reached skill level 6 in Axes
  3336 | D:4      | Reached skill level 5 in Armour
  3693 | D:4      | Found a deep blue altar of Sif Muna.
  4013 | D:5      | Entered Level 5 of the Dungeon
  4095 | D:5      | Reached skill level 1 in Evocations
  4095 | D:5      | Reached XP level 8. HP: 44/72 MP: 6/6
  4111 | D:5      | Reached skill level 7 in Axes
  4135 | D:5      | Found a basalt altar of Yredelemnul.
  4154 | D:5      | Found a staircase to the Ecumenical Temple.
  4164 | Temple   | Entered the Ecumenical Temple
  4224 | Temple   | Became a worshipper of Makhleb the Destroyer
  4518 | D:5      | Found Wammaom's Food Shoppe.
  4608 | D:5      | Found a deep blue altar of Sif Muna.
  4655 | D:5      | Found a runed translucent door.
  4656 | D:5      | Noticed Crazy Yiuf
  4682 | D:5      | Killed Crazy Yiuf
  4914 | D:6      | HP: 3/109 [orc warrior/+2 hand axe of chopping (12)]
  4914 | D:6      | HP: 1/109 [orc warrior/+2 hand axe of chopping (2)]
  4919 | D:6      | Reached skill level 8 in Axes
  4921 | D:6      | Slain by an orc wizard

Skill      XL: |  1  2  3  4  5  6  7  8 |
---------------+-------------------------+-----
Fighting       | 3 4 |  4.4
Axes           | 3 4 5 6 8 |  8.0
Shields        | 4 5 6 |  6.3
Dodging        | 1 |  1.9
Armour         | 4 5 6 |  6.0
Stealth        | 1 |  1.6
Evocations     | 1 |  1.7
Throwing       | |  0.1

Action                   |  1- 3 |  4- 6 |  7- 9 || total
-------------------------+-------+-------+-------++-------
Melee: War axe           |   110 |   268 |   147 ||   525
Throw: Throwing net      |       |     2 |       ||     2
 Abil: Heal Wounds       |       |     3 |     1 ||     4
       Evoke Berserk Rag |       |       |     4 ||     4
  Use: Scroll            |       |     6 |     1 ||     7
 Stab: Held in net/web   |       |     1 |       ||     1
  Eat: Chunk             |       |     7 |     3 ||    10
       Ration            |       |       |     2 ||     2
Armor: Scale mail        |    53 |    64 |       ||   117
       Chain mail        |       |    29 |       ||    29
       Plate armour      |       |    44 |    85 ||   129
Dodge: Dodged            |    43 |    92 |    25 ||   160
Block: Shield            |    61 |   137 |    90 ||   288
